 Dungeon Crawl Stone Soup version 0.21.1-1-g345015f (webtiles) character file.

12 iamserjio the Charmwright (level 2, 0/26 HPs)
             Began as a Gnoll Skald on June 24, 2018.
             Slain by a goblin (2 damage)
             ... on level 3 of the Dungeon.
             The game lasted 00:01:37 (187 turns).

iamserjio the Charmwright (Gnoll Skald)              Turns: 187, Time: 00:01:38

Health: 0/26       AC:  3    Str: 13    XL:     2   Next: 33%
Magic:  5/7        EV: 14    Int: 15    God:
Gold:   31         SH:  0    Dex: 14    Spells: 5/10 levels left

rFire    . . .     SeeInvis .   a - +0 hand axe
rCold    . . .     Gourm    .   (no shield)
rNeg     . . .     Faith    .   b - +0 leather armour
rPois    .         Spirit   .   (no helmet)
rElec    .         Reflect  .   (no cloak)
rCorr    .         Harm     .   (no gloves)
MR       .....                  (no boots)
Stlth    +.........             (no amulet)
HPRegen  0.08/turn              (no ring)
MPRegen  0.10/turn              (no ring)

@: singing
A: distributed training, fangs 1, strong nose
a: no special abilities


You were on level 3 of the Dungeon.
You were not hungry.

You visited 1 branch of the dungeon, and saw 3 of its levels.

You collected 31 gold pieces.

Inventory:

Hand Weapons
 a - a +0 hand axe (weapon)
Armour
 b - a +0 leather armour (worn)
Scrolls
 f - 2 scrolls of identify {unknown}
 h - a scroll of fog {unknown}
Potions
 e - a potion of magic {unknown}
 g - a potion of invisibility {unknown}
Books
 c - a book of Battle

   Spells                             Type                      Level
   a - Infusion                       Charms                       1
   b - Shroud of Golubria             Charms/Translocation         2
   c - Song of Slaying                Charms                       2
   d - Spectral Weapon                Hexes/Charms                 3
   e - Regeneration                   Charms/Necromancy            3
Comestibles
 d - a ration


   Skills:
 + Level 4.4 Fighting
 + Level 0.3 Short Blades
 + Level 0.3 Long Blades
 + Level 4.4 Axes
 + Level 0.3 Maces & Flails
 + Level 0.3 Polearms
 + Level 0.3 Staves
 + Level 0.3 Slings
 + Level 0.3 Bows
 + Level 0.3 Crossbows
 + Level 0.3 Throwing
 + Level 2.4 Armour
 + Level 4.4 Dodging
 + Level 0.3 Stealth
 + Level 0.3 Shields
 + Level 0.3 Unarmed Combat
 + Level 4.9 Spellcasting
 + Level 0.2 Conjurations
 + Level 0.2 Hexes
 + Level 5.3 Charms
 + Level 0.2 Summonings
 + Level 0.2 Necromancy
 + Level 0.2 Translocations
 + Level 0.2 Transmutations
 + Level 0.2 Fire Magic
 + Level 0.2 Ice Magic
 + Level 0.2 Air Magic
 + Level 0.2 Earth Magic
 + Level 0.2 Poison Magic
 + Level 0.4 Invocations
 + Level 0.3 Evocations


You had 5 spell levels left.
You knew the following spells:

 Your Spells              Type           Power        Failure   Level  Hunger
a - Infusion              Chrm           ###.         2%          1    None
b - Song of Slaying       Chrm           ###.....     3%          2    ##.....
c - Shroud of Golubria    Chrm/Tloc      ##........   10%         2    ##.....


Dungeon Overview and Level Annotations

Branches:
Dungeon (3/15)

Altars:


Innate Abilities, Weirdness & Mutations

Your experience applies equally to all skills.
You have very sharp teeth.
Your uncanny sense of smell can sniff out nearby items.


Message History

The kobold hits you with a dagger.
* * * LOW HITPOINT WARNING * * *
You hit the kobold.
The kobold is severely wounded.
You closely miss the quokka.
The quokka bites you but does no damage.
The kobold hits you with a dagger.
* * * LOW HITPOINT WARNING * * *
You closely miss the quokka. You bite the quokka, but do no damage.
The quokka is almost dead.
You hit the kobold.
You hear a shout!
The quokka misses you. The kobold hits you but does no damage.
The quokka closely misses you.
You hit the quokka.
You kill the quokka!
You hit the kobold.
You kill the kobold!
You closely miss the goblin. The goblin hits you.
You die...

...... ##.....#.....
.K....#####....<.......
#......##.............
#....†..............
#..<...........†..
#.................
#.###..>..............
#...)†####............
......#@# ##...........
.88..##g# ##......####
..8P.....# #.....##
..Z8.....# #.(...#
.###.....# ##...##
........∆ ###.
.........# ..........#
#.........#


You could see a goblin.

Vanquished Creatures
  An adder skeleton (D:3)
  A goblin (D:2)
  A hobgoblin (D:2)
  A quokka (D:3)
  2 ball pythons
  2 bats
  3 kobolds
11 creatures vanquished.

Notes
Turn   | Place    | Note
-------+----------+-------------------------------------------
     0 | D:1      | iamserjio the Gnoll Skald began the quest for the Orb.
     0 | D:1      | Reached XP level 1. HP: 20/20 MP: 6/6
    95 | D:3      | Reached XP level 2. HP: 15/26 MP: 1/7
   103 | D:3      | Learned a level 2 spell: Song of Slaying
   106 | D:3      | Learned a level 2 spell: Shroud of Golubria
   184 | D:3      | HP: 1/26 [kobold/dagger (2)]
   187 | D:3      | Slain by a goblin

Action                   || total
-------------------------++-------
Melee: Hand axe          ||    35
       Bite              ||     3
 Cast: Infusion          ||     1
       Song of Slaying   ||     1
Armor: Leather armour    ||     9
Dodge: Dodged            ||    20
